 Dungeon Crawl Stone Soup version 0.30-a0-879-ga8ba668304 (webtiles) character file.

Game seed: 18119505728362462722

305 snarfax the Ducker (level 6, -3/32 HPs)
             Began as a Deep Elf Conjurer on Mar 11, 2023.
             Slain by a gnoll sergeant
             ... wielding a +0 trident
              (9 damage)
             ... on level 4 of the Dungeon on Mar 12, 2023.
             The game lasted 00:19:56 (4655 turns).

snarfax the Ducker (Deep Elf Conjurer)              Turns: 4655, Time: 00:19:57

Health: -3/32      AC:  3    Str:  4 (6)  XL:     6   Next: 15%
Magic:  14/15      EV: 13    Int: 20 (23) God:
Gold:   179        SH:  0    Dex: 11 (13) Spells: 14/15 levels left

rFire   . . .      SeeInvis +    f - +0 short sword (flame)
rCold   . . .      Faith    .    (no shield)
rNeg    . . .      Spirit   .    a - +0 robe
rPois   .          Reflect  .    (no helmet)
rElec   .          Rampage  .    k - +0 cloak
rCorr   .                        (no gloves)
Will    .....                    (no boots)
Stlth   ++                       (no amulet)
HPRegen 0.25/turn                l - ring of see invisible
MPRegen 0.14/turn                (no ring)

@: no status effects
A: no striking features
a: no special abilities


You were on level 4 of the Dungeon.
You visited 1 branch of the dungeon, and saw 4 of its levels.

You collected 179 gold pieces.

Inventory:

Hand Weapons
 c - a +0 dagger
 f - a +0 short sword of flaming (weapon)
 m - a +0 short sword of electrocution
Missiles
 d - 13 stones
Armour
 a - a +0 robe (worn)
 i - a +0 leather armour
 k - a +0 cloak (worn)
Magical Staves
 g - a staff of air
Jewellery
 l - a ring of see invisible (left hand)
Scrolls
 o - a scroll of brand weapon
 q - 2 scrolls of teleportation
Potions
 b - a potion of magic
 e - a potion of cancellation
 h - a potion of ambrosia
 n - a potion of mutation {unknown}
 p - 2 potions of attraction
 s - 2 potions of flight
 t - a potion of haste
 u - a potion of heal wounds {unknown}


   Skills:
 * Level 5.3 Dodging
 + Level 4.4 Stealth
 * Level 5.1 Spellcasting
 - Level 4.3 Conjurations
 - Level 2.0 Evocations


You had 14 spell levels left.
You knew the following spells:

 Your Spells              Type           Power      Damage    Failure   Level
a - Magic Dart            Conj           88%        1d7       1%          1

Your spell library contained the following spells:

 Spells                   Type           Power      Damage    Failure   Level
 Searing Ray              Conj           44%        2d6       2%          2
 Dazzling Flash           Conj/Hex       26%        N/A       14%         3
 Fulminant Prism          Conj/Hex       6%         3d6       43%         4
 Iskenderun's Mystic Bla  Conj/Tloc      13%        2d5       43%         4


Dungeon Overview and Level Annotations

Branches:
Dungeon (4/15)
 Temple: D:4-7

Altars:
Yredelemnul


Message History

The magic dart hits the gnoll sergeant but does no damage.
The gnoll sergeant is moderately wounded.
Casting: Magic Dart (safe; 1% risk of failure)
Confirm with . or Enter, or press ? or * to list all spells.
Aiming: Magic Dart (safe; 1% risk of failure)
Press: ? - help, Shift-Dir - straight line, f/p - gnoll sergeant
Aim: a gnoll sergeant, wielding a +0 trident, wearing a +0 ring mail and wearing a +0 kite shield (moderately wounded, ally target, 100% to hit)
The magic dart hits the gnoll sergeant.
The gnoll sergeant is heavily wounded.
The gnoll sergeant misses you.
The gnoll sergeant blocks your phantom's attack.
You hit the gnoll sergeant but do no damage.
The gnoll sergeant is heavily wounded.
Your phantom dissolves into shadows!
The gnoll sergeant blocks your quokka's attack.
The gnoll sergeant hits you with a +0 trident.
Your quokka completely misses the gnoll sergeant.
You barely miss the gnoll sergeant.
The gnoll sergeant is heavily wounded.
The gnoll sergeant blocks your quokka's attack.
The gnoll sergeant barely misses you. The gnoll sergeant blocks your attack.
The gnoll sergeant is heavily wounded.
The gnoll sergeant blocks your quokka's attack.
The gnoll sergeant barely misses you.
You barely miss the gnoll sergeant.
The gnoll sergeant is heavily wounded.
Your quokka bites the gnoll sergeant but does no damage.
The gnoll sergeant hits you with a +0 trident!
The gnoll sergeant blocks your attack.
The gnoll sergeant is heavily wounded.
Your quokka bites the gnoll sergeant but does no damage.
The gnoll sergeant hits you with a +0 trident!
* * * LOW HITPOINT WARNING * * *
It was a potion of degeneration.
There was something very wrong with that liquid.
You feel weakened.
You feel dopey.
You feel clumsy.
The gnoll sergeant blocks your quokka's attack.
The gnoll sergeant hits you with a +0 trident!
You die...

#.........### #.######..####
####.#...### ##.##.....##
...........####........##
.##...#..............###
..#...............#.##
#...................# #####
#...................########...#
#..............................#
...............g@<....>#####...#
..............r............#####
.....................##.....##
.............................##
.<............................#
.#..........##................#
##..........##................#
............##................#
.............#................#


You could see a gnoll sergeant (ally target) and a friendly quokka (summoned).

Vanquished Creatures
  2 jellies
  A sleepcap (D:3)
  2 iguanas (D:4)
  3 gnolls (D:2)
  6 adders
  A worm (D:3)
  7 orcs
  A bat (D:3)
  7 endoplasms
  3 giant cockroaches
  9 goblins
  12 hobgoblins
  3 quokkas
  8 ball pythons
  A frilled lizard (D:3)
  4 kobolds
  A kobold zombie (D:3)
  6 rats
77 creatures vanquished.

Notes
Turn   | Place    | Note
-------+----------+-------------------------------------------
     0 | D:1      | snarfax the Deep Elf Conjurer began the quest for the Orb.
     0 | D:1      | Reached XP level 1. HP: 10/10 MP: 6/6
   145 | D:1      | Upgraded the game from 0.30-a0-870-gc5d4c5acee to
                  | 0.30-a0-879-ga8ba668304
   394 | D:1      | Reached XP level 2. HP: 15/15 MP: 4/8
  1165 | D:2      | Reached skill level 1 in Evocations
  1165 | D:2      | Reached XP level 3. HP: 19/19 MP: 3/10
  1265 | D:2      | Found a faded altar of an unknown god.
  1698 | D:2      | Reached XP level 4. HP: 24/24 MP: 6/11
  2932 | D:3      | Found a runed translucent door.
  2932 | D:3      | Noticed a human
  2938 | D:3      | Found a basalt altar of Yredelemnul.
  3418 | D:4      | Reached XP level 5. HP: 8/28 MP: 8/13
  3852 | D:4      | Reached skill level 5 in Dodging
  4075 | D:3      | Reached skill level 5 in Spellcasting
  4075 | D:3      | Reached XP level 6. HP: 12/32 MP: 12/15
  4655 | D:4      | Slain by a gnoll sergeant

Illustrated notes

Levels and vault maps discovered:
D:1:      eino_arrival_cavern_e, layout_loops_ring
D:2:      layout_basic, ebering_ecumenical_altar_rust
D:3:      layout_basic, dk_yredelemnul_ordeal
D:4:      layout_rooms, amcnicky_mini_corridor_feature, nzn_random_ring

Skill      XL: |  1  2  3  4  5 |
---------------+----------------+-----
Dodging        | 3 4 5 |  5.3
Stealth        | 3 4 |  4.4
Evocations     | 1 2 |  2.0
Spellcasting   | 4 5 |  5.1
Conjurations   | |  4.3

Action                     |  1- 3 |  4- 6 || total
---------------------------+-------+-------++-------
  Melee: Short sword       |     7 |    13 ||    20
   Cast: Magic Dart        |    67 |   126 ||   193
    Use: Scroll            |     7 |     9 ||    16
         Potion            |     1 |     5 ||     6
 Armour: Robe              |       |    13 ||    13
  Dodge: Dodged            |     9 |    36 ||    45

Table legend: (Time is in decaauts)
 A = Elapsed time spent in this place.
 B = Non-inter-level travel time spent in this place.
 C = Inter-level travel time spent in this place.
 D = Time resting spent in this place.
 E = Time spent auto-exploring this place.
 F = Levels seen in this place.
 G = Mean time per level.
                   A        B        C        D        E       F      G
               +--------+--------+--------+--------+--------+-----+--------+
         Total |   4644 |   4459 |    185 |    763 |   2947 |   4 | 1161.0 |
       Dungeon |   4644 |   4459 |    185 |    763 |   2947 |   4 | 1161.0 |
               +--------+--------+--------+--------+--------+-----+--------+

Top non-repeatable levels by time:
     D:3: 1517 daAuts
     D:1: 1155 daAuts
     D:4: 989 daAuts
     D:2: 982 daAuts
